 Dungeon Crawl Stone Soup version 0.23.2-1-ga50397a6bc (webtiles) character file.

Game seed: 12884253117350451631

72324 Strategiusz the Basher (level 15, -4/119 HPs)
             Began as a Gnoll Berserker on Apr 27, 2019.
             Was the Champion of Trog.
             Slain by a sun demon (13 damage)
             ... summoned by an orc sorcerer
             ... led by an orc warlord
             ... on level 2 of the Orcish Mines.
             The game lasted 05:59:51 (29735 turns).

Strategiusz the Basher (Gnoll Berserker)           Turns: 29735, Time: 05:59:52

Health: -4/119     AC: 28    Str: 23    XL:     15   Next: 39%
Magic:  28/28      EV: 16    Int: 10    God:    Trog [******]
Gold:   1831       SH:  0    Dex: 17    Spells: 33/33 levels left

rFire    + . .     SeeInvis .   X - +8 spear (freeze)
rCold    x . .     Gourm    +   (no shield)
rNeg     . . .     Faith    .   q - +6 scale mail {MR+}
rPois    .         Spirit   .   N - +2 helmet
rElec    .         Reflect  .   W - +2 cloak
rCorr    .         Harm     .   s - +2 pair of gloves
MR       ++...                  d - +2 pair of boots
Stlth    +++.......             U - amulet of the gourmand
HPRegen  0.29/turn              M - +5 ring of slaying
MPRegen  0.21/turn              F - ring of fire

@: about to teleport, heavily drained, invisible
A: distributed training, fangs 1, strong nose
a: Berserk, Trog's Hand, Brothers in Arms, Renounce Religion


You were on level 2 of the Orcish Mines.
You worshipped Trog.
Trog was exalted by your worship.
You were very full.

You visited 3 branches of the dungeon, and saw 23 of its levels.

You collected 2028 gold pieces.
You spent 197 gold pieces at shops.

Inventory:

Hand Weapons
 a - a +7 great sword of electrocution
 t - the +8 whip "Snakebite" {curare, rPois}
   (You found it on level 1 of the Lair of Beasts)

   It poisons the flesh of those it strikes.
   It protects you from poison.
 B - a +7 hunting sling of velocity
 K - a +1 rapier of venom
 Q - a +3 dire flail of draining
 V - a +4 scimitar of flaming
 X - a +8 spear of freezing (weapon)
 Y - a +5 demon trident of electrocution
 Z - a +6 antimagic rapier
Missiles
 A - 5 javelins
 D - a throwing net
 R - 5 tomahawks (quivered)
 T - 63 sling bullets
Armour
 d - a +2 pair of boots (worn)
 q - a +6 scale mail of magic resistance (worn)
 s - a +2 pair of gloves (worn)
 w - a +2 large shield
 z - a +0 plate armour of fire resistance
 N - a +2 helmet (worn)
 W - a +2 cloak (worn)
Jewellery
 l - an uncursed ring of protection from cold
 p - an uncursed ring of protection from magic
 y - an uncursed ring of poison resistance
 C - a +3 ring of strength
 F - a ring of fire (right hand)
 M - a +5 ring of slaying (left hand)
 S - an uncursed ring of ice
 U - an amulet of the gourmand (around neck)
Wands
 e - a wand of clouds (4)
 i - a wand of enslavement (7)
 j - a wand of disintegration (31)
 n - a wand of acid (6)
 r - a wand of paralysis (28)
 G - a wand of random effects (56)
 H - a wand of iceblast (8)
 J - a wand of polymorph (5)
Scrolls
 g - 8 scrolls of remove curse
 m - a scroll of acquirement
 u - a scroll of blinking
 I - 5 scrolls of teleportation
 L - 3 scrolls of identify
 O - 2 scrolls of fog
Potions
 b - 4 potions of flight
 k - 4 potions of might
 o - 3 potions of haste
 v - 6 potions of agility
 x - 9 potions of curing
 E - 2 potions of cancellation
 P - 5 potions of lignification
Comestibles
 c - 33 rations
 h - 11 chunks of flesh


   Skills:
 + Level 11.6(9.7) Fighting
 + Level 9.8(8.0) Short Blades
 + Level 9.8(8.0) Long Blades
 + Level 9.8(8.0) Axes
 + Level 11.6(9.7) Maces & Flails
 + Level 9.8(8.0) Polearms
 + Level 9.8(8.0) Staves
 + Level 9.8(8.0) Slings
 + Level 9.8(8.0) Bows
 + Level 9.8(8.0) Crossbows
 + Level 9.8(8.0) Throwing
 + Level 10.8(8.9) Armour
 + Level 10.8(8.9) Dodging
 + Level 9.8(8.0) Stealth
 + Level 9.8(8.0) Shields
 + Level 9.8(8.0) Unarmed Combat
 + Level 9.8(8.0) Spellcasting
 + Level 8.3(6.5) Conjurations
 + Level 8.3(6.5) Hexes
 + Level 8.3(6.5) Charms
 + Level 8.3(6.5) Summonings
 + Level 8.3(6.5) Necromancy
 + Level 8.3(6.5) Translocations
 + Level 8.3(6.5) Transmutations
 + Level 8.3(6.5) Fire Magic
 + Level 8.3(6.5) Ice Magic
 + Level 8.3(6.5) Air Magic
 + Level 8.3(6.5) Earth Magic
 + Level 8.3(6.5) Poison Magic
 + Level 10.7(8.8) Invocations
 + Level 9.8(8.0) Evocations


You had 33 spell levels left.
You didn't know any spells.
Your spell library was empty.

Dungeon Overview and Level Annotations

Branches:
Dungeon (15/15) Temple (0/1) D:5 Lair (6/6) D:9 Shoals (0/4) Lair:4 Snake (0/4) Lair:2 Slime (0/5) Lair:6 Orc (2/2) D:11 Vaults (0/5) D:13 D:14 Depths (0/5) D:15 Elf: Orc:2

Altars:
Ashenzari
Cheibriados
Dithmenos
Elyvilon
Fedhas
Kikubaaqudgha
Makhleb
Ru
Trog
Xom
Zin
The Shining One
Beogh
Jiyva

Shops:
D:4 %   D:7 *   D:10 %   D:11 *   Orc:1 !

Annotations:
D:10 exclusion: oklob plant
D:13 exclusion: downstairs
Orc:2 Nergalle


Innate Abilities, Weirdness & Mutations

Your experience applies equally to all skills.
You have very sharp teeth.
Your uncanny sense of smell can sniff out nearby items.


Message History

The orc no longer looks unusually strong.
The orc sorcerer gestures wildly while chanting.
You hear a shout!
The orc sorcerer no longer looks unusually strong.
The orc sorcerer casts a spell at you.
The bolt of negative energy hits the orc!
The orc is drained!
The orc dies!
The bolt of negative energy hits you!!
You feel drained.
You recover from your berserk rage.
The orc sorcerer gestures at you while chanting.
The bolt of negative energy misses the sun demon.
The bolt of negative energy hits you!!
You feel drained.
* * * LOW HITPOINT WARNING * * *
You see here a +0 dagger.
You fade into invisibility!
The orc wizard miscasts a cantrip.
The spectral orc warrior completely misses you.
The sun demon hits you!
You die...

......... ..#.....# .. ### #
.##.....# #..##..### #.(...#
##.#....#. #8...8#### #.........
#.....##.####.........
######....)................
##.#.###..#......#....#.....
#.....#####@))....#.........
###...#.###.3)...............
##.#......###)oZ#....#........
#.........# #.).....#.........
##.......####...#.............
####.##....##.#.#o.............
##.#..#................#........
##...........##......o..#.#......
#............##.#...o.........#..


You could see Nergalle, a sun demon, a spectral orc warrior, an orc sorcerer and
an orc wizard.

Vanquished Creatures
  Jorgrun (D:14)
  A stone giant (Orc:2)
  6 hydras
  Erica (D:9)
  5 centaur warriors
  2 two-headed ogres
  4 death yaks (Lair:3)
  A tengu warrior (D:13)
  Urug (Lair:2)
  An orc high priest (Orc:2)
  A fire crab (Lair:6)
  2 unseen horrors (D:13)
  A deep elf mage (D:12)
  2 orc knights
  3 ugly things
  An elephant (D:9)
  6 cyclopes
  3 molten gargoyles
  7 black mambas
  2 gargoyles
  9 spiny frogs
  13 komodo dragons
  A tengu conjurer (D:13)
  4 rime drakes
  An efreet (D:13)
  A queen bee (Lair:6)
  A hornet (D:9)
  Grinder (D:6)
  4 polar bears
  5 trolls
  13 blink frogs
  5 slime creatures
  13 hippogriffs
  Sigmund (D:6)
  3 shadows
  29 yaks
  15 humans (D:13)
  4 wyverns
  A wraith (D:11)
  6 basilisks
  2 steam dragons (Lair:6)
  8 vampire mosquitoes
  Edmund (D:4)
  2 acid dragons
  A soldier ant (D:14)
  22 water moccasins
  2 hell hounds (Lair:6)
  6 ice beasts
  6 porcupines
  Duvessa (D:4)
  8 sky beasts
  13 orc warriors
  2 phantoms
  13 ogres
  2 black bears
  A necrophage (D:12)
  20 centaurs
  An eye of draining (D:13)
  17 crocodiles
  3 big kobolds
  13 bullfrogs
  Dowan (D:4)
  29 killer bees
  3 scorpions
  21 wights
  4 howler monkeys
  A vampire bat (Orc:2)
  7 crimson imps
  A bullfrog zombie (D:12)
  2 centaur zombies
  7 hounds
  19 orc wizards
  A bullfrog skeleton (D:9)
  14 orc priests
  Crazy Yiuf (D:4)
  5 jellies
  6 centaur skeletons
  An iguana (D:8)
  Jessica (D:2)
  13 worker ants
  11 gnolls
  19 adders
  3 shadow imps
  2 oozes (D:2)
  2 adder skeletons
  2 worms (D:3)
  A dart slug (D:2)
  5 leopard geckos
  51 orcs
  2 ball pythons (D:1)
  5 giant cockroaches
  10 goblins
  6 hobgoblins
  22 jackals
  4 quokkas
  16 bats
  16 frilled lizards
  2 goblin skeletons (D:8)
  A goblin zombie (D:8)
  A hobgoblin zombie (D:8)
  A jackal skeleton (D:6)
  16 kobolds
  A kobold zombie (D:8)
  A leopard gecko skeleton (D:9)
  2 orc skeletons (D:8)
  An orc zombie (D:8)
  8 rats
  A bush (Lair:4)
  15 fungi
  13 plants
702 creatures vanquished.

Vanquished Creatures (collateral kills)
  Rupert (D:13)
  Louise (D:14)
  A human (D:13)
  A wyvern (Lair:5)
  2 wights (D:6)
6 creatures vanquished.

Vanquished Creatures (others)
  A black mamba (Lair:6)
  2 orcs
  16 fungi
  7 plants
26 creatures vanquished.

Grand Total: 734 creatures vanquished

Notes
Turn   | Place    | Note
-------+----------+-------------------------------------------
     0 | D:1      | Strategiusz the Gnoll Berserker began the quest for the
                  | Orb.
     0 | D:1      | Reached XP level 1. HP: 23/23 MP: 1/1
   114 | D:1      | Reached XP level 2. HP: 24/29 MP: 2/2
   761 | D:1      | Reached XP level 3. HP: 33/35 MP: 3/3
  1429 | D:2      | Reached skill level 1 in Invocations
  1574 | D:2      | Reached ** piety under Trog
  1888 | D:2      | Reached skill level 1 in Short Blades
  1888 | D:2      | Reached skill level 1 in Long Blades
  1888 | D:2      | Reached skill level 1 in Axes
  1888 | D:2      | Reached skill level 1 in Polearms
  1888 | D:2      | Reached skill level 1 in Staves
  1888 | D:2      | Reached skill level 1 in Slings
  1888 | D:2      | Reached skill level 1 in Bows
  1888 | D:2      | Reached skill level 1 in Crossbows
  1888 | D:2      | Reached skill level 1 in Throwing
  1888 | D:2      | Reached skill level 1 in Stealth
  1888 | D:2      | Reached skill level 1 in Shields
  1888 | D:2      | Reached skill level 1 in Unarmed Combat
  1888 | D:2      | Reached skill level 1 in Spellcasting
  1888 | D:2      | Reached skill level 1 in Evocations
  1901 | D:2      | Reached XP level 4. HP: 36/41 MP: 5/5
  2000 | D:2      | Found a shadowy altar of Dithmenos.
  2000 | D:2      | Found a sacrificial altar of Ru.
  2001 | D:2      | Found a snail-covered altar of Cheibriados.
  2059 | D:2      | Noticed Jessica
  2064 | D:2      | Killed Jessica
  2064 | D:2      | Reached skill level 1 in Conjurations
  2064 | D:2      | Reached skill level 1 in Hexes
  2064 | D:2      | Reached skill level 1 in Charms
  2064 | D:2      | Reached skill level 1 in Summonings
  2064 | D:2      | Reached skill level 1 in Necromancy
  2064 | D:2      | Reached skill level 1 in Translocations
  2064 | D:2      | Reached skill level 1 in Transmutations
  2064 | D:2      | Reached skill level 1 in Fire Magic
  2064 | D:2      | Reached skill level 1 in Ice Magic
  2064 | D:2      | Reached skill level 1 in Air Magic
  2064 | D:2      | Reached skill level 1 in Earth Magic
  2064 | D:2      | Reached skill level 1 in Poison Magic
  2489 | D:3      | Reached XP level 5. HP: 34/47 MP: 6/6
  2902 | D:3      | Found a white marble altar of Elyvilon.
  3334 | D:4      | Reached *** piety under Trog
  3337 | D:4      | Noticed Edmund
  3349 | D:4      | Killed Edmund
  3349 | D:4      | Reached skill level 5 in Armour
  3349 | D:4      | Reached skill level 5 in Dodging
  3349 | D:4      | Reached XP level 6. HP: 53/53 MP: 8/8
  3383 | D:4      | Noticed Duvessa
  3383 | D:4      | Noticed Dowan
  3834 | D:4      | Killed Duvessa
  3834 | D:4      | Reached XP level 7. HP: 59/59 MP: 10/10
  3837 | D:4      | Killed Dowan
  4181 | D:4      | Found Atejoep's Food Boutique.
  4243 | D:4      | Found a runed translucent door.
  4244 | D:4      | Noticed Crazy Yiuf
  4291 | D:4      | Killed Crazy Yiuf
  4347 | D:5      | Entered Level 5 of the Dungeon
  4696 | D:5      | Reached XP level 8. HP: 56/67 MP: 12/12
  4867 | D:5      | Found a bloodstained altar of Trog.
  5087 | D:5      | Found a staircase to the Ecumenical Temple.
  5162 | D:5      | Found a burning altar of Makhleb.
  5494 | D:6      | Noticed Sigmund
  6147 | D:6      | Noticed Grinder
  6171 | D:6      | Killed Grinder
  6171 | D:6      | Reached XP level 9. HP: 69/72 MP: 14/14
  6302 | D:6      | Killed Sigmund
  6302 | D:6      | Reached **** piety under Trog
  6918 | D:7      | Found Reock's General Store.
  7765 | D:7      | Reached skill level 5 in Invocations
  8154 | D:8      | Reached XP level 10. HP: 80/80 MP: 17/17
  8494 | D:8      | Found a glowing golden altar of the Shining One.
  8576 | D:8      | Reached ***** piety under Trog
  9234 | D:9      | Reached skill level 5 in Short Blades
  9234 | D:9      | Reached skill level 5 in Long Blades
  9234 | D:9      | Reached skill level 5 in Axes
  9234 | D:9      | Reached skill level 5 in Polearms
  9234 | D:9      | Reached skill level 5 in Staves
  9234 | D:9      | Reached skill level 5 in Slings
  9234 | D:9      | Reached skill level 5 in Bows
  9234 | D:9      | Reached skill level 5 in Crossbows
  9234 | D:9      | Reached skill level 5 in Throwing
  9234 | D:9      | Reached skill level 5 in Stealth
  9234 | D:9      | Reached skill level 5 in Shields
  9234 | D:9      | Reached skill level 5 in Unarmed Combat
  9234 | D:9      | Reached skill level 5 in Spellcasting
  9234 | D:9      | Reached skill level 5 in Evocations
  9403 | D:9      | Found a shimmering altar of Xom.
  9403 | D:9      | Noticed an angel
  9538 | D:9      | Found a glowing silver altar of Zin.
  9698 | D:9      | Noticed an elephant
  9723 | D:9      | Killed an elephant
  9768 | D:9      | Found an ancient bone altar of Kikubaaqudgha.
  9798 | D:9      | Found a staircase to the Lair.
  9938 | D:9      | Found a shattered altar of Ashenzari.
 10175 | D:9      | Noticed Erica
 10185 | D:9      | Killed Erica
 10185 | D:9      | Reached XP level 11. HP: 87/87 MP: 19/19
 10362 | D:10     | Entered Level 10 of the Dungeon
 10473 | D:10     | Noticed a two-headed ogre
 10502 | D:10     | Killed a two-headed ogre
 10502 | D:10     | Reached skill level 5 in Conjurations
 10502 | D:10     | Reached skill level 5 in Hexes
 10502 | D:10     | Reached skill level 5 in Charms
 10502 | D:10     | Reached skill level 5 in Summonings
 10502 | D:10     | Reached skill level 5 in Necromancy
 10502 | D:10     | Reached skill level 5 in Translocations
 10502 | D:10     | Reached skill level 5 in Transmutations
 10502 | D:10     | Reached skill level 5 in Fire Magic
 10502 | D:10     | Reached skill level 5 in Ice Magic
 10502 | D:10     | Reached skill level 5 in Air Magic
 10502 | D:10     | Reached skill level 5 in Earth Magic
 10502 | D:10     | Reached skill level 5 in Poison Magic
 10565 | D:10     | Found a portal to a secret trove of treasure.
 10654 | D:10     | Found Mutism's Food Boutique.
 10943 | D:10     | Found a blossoming altar of Fedhas.
 10965 | D:10     | Noticed an oklob plant
 11766 | D:11     | Noticed a brown ugly thing
 11793 | D:11     | Found a blossoming altar of Fedhas.
 11823 | D:11     | Received a gift from Trog
 11873 | D:11     | Noticed a four-headed hydra
 11965 | D:11     | Noticed a cyclops
 12327 | D:11     | Found a staircase to the Orcish Mines.
 12413 | D:11     | Noticed a centaur warrior
 12422 | D:11     | Killed a centaur warrior
 12506 | D:11     | Found Pocupp's General Store.
 12523 | D:11     | Bought a scroll of identify for 28 gold pieces
 12686 | D:11     | Killed a brown ugly thing
 12706 | D:11     | Killed a cyclops
 12886 | D:10     | Killed a four-headed hydra
 12886 | D:10     | Reached XP level 12. HP: 80/96 MP: 22/22
 13825 | D:11     | Reached ****** piety under Trog
 13987 | D:12     | Noticed a two-headed ogre
 14011 | D:12     | Killed a two-headed ogre
 14805 | D:13     | Reached skill level 10 in Fighting
 14805 | D:13     | Reached skill level 10 in Maces & Flails
 14825 | D:13     | Noticed a tengu warrior
 14841 | D:13     | Killed a tengu warrior
 14881 | D:13     | Received a gift from Trog
 15273 | D:13     | Reached XP level 13. HP: 89/103 MP: 24/24
 16218 | D:14     | Found a gate to the Vaults.
 16218 | D:14     | Noticed Rupert
 16968 | D:13     | Killed Rupert
 18628 | D:14     | Received a gift from Trog
 19262 | D:14     | Noticed Jorgrun
 19336 | D:14     | HP: 5/104 [Jorgrun/+0 quarterstaff of crushing (16)]
 19732 | D:14     | Killed Jorgrun
 19981 | D:14     | You fall through a shaft!
 19981 | D:15     | Entered Level 15 of the Dungeon
 20091 | D:14     | Noticed Louise
 20138 | D:14     | Killed Louise
 20535 | Orc:1    | Entered Level 1 of the Orcish Mines
 20578 | Orc:1    | Reached XP level 14. HP: 106/111 MP: 26/26
 20969 | Orc:1    | Found Malet's Distillery.
 20977 | Orc:1    | Bought a potion of heal wounds for 65 gold pieces
 21162 | Orc:2    | Entered Level 2 of the Orcish Mines
 21197 | Orc:2    | Noticed a stone giant
 21545 | Lair:1   | Entered Level 1 of the Lair of Beasts
 21594 | Lair:1   | Received a gift from Trog
 21785 | Lair:1   | Found a gate leading to a gauntlet.
 22048 | Lair:1   | Reached skill level 10 in Armour
 22048 | Lair:1   | Reached skill level 10 in Dodging
 22072 | Lair:1   | Found the +8 whip "Snakebite" {curare, rPois}
 22683 | Lair:2   | Found a staircase to the Snake Pit.
 23094 | Lair:2   | Noticed Urug
 23110 | Lair:2   | Killed Urug
 23306 | Lair:2   | Identified a scroll of acquirement
 24018 | Lair:3   | Received a gift from Trog
 24270 | Lair:3   | Reached skill level 10 in Invocations
 25596 | Lair:4   | Found a staircase to the Shoals.
 27135 | Lair:6   | Entered Level 6 of the Lair of Beasts
 27286 | Lair:6   | Received a gift from Trog
 27302 | Lair:6   | Reached XP level 15. HP: 86/119 MP: 28/28
 29155 | Lair:6   | Found a viscous altar of Jiyva.
 29156 | Lair:6   | Found a staircase to the Slime Pits.
 29441 | Orc:1    | Bought a potion of invisibility for 104 gold pieces
 29683 | Orc:2    | Noticed Nergalle
 29725 | Orc:2    | Found a roughly hewn altar of Beogh.
 29725 | Orc:2    | Noticed an orc warlord
 29735 | Orc:2    | Slain by a sun demon

Skill      XL: |  1  2  3  4  5  6  7  8  9 10 11 12 13 14 |
---------------+-------------------------------------------+-----
Invocations    | 1 2 3 4 5 6 7 8 9 10 | 10.7
Short Blades   | 1 2 3 4 5 6 7 8 9 |  9.8
Long Blades    | 1 2 3 4 5 6 7 8 9 |  9.8
Axes           | 1 2 3 4 5 6 7 8 9 |  9.8
Polearms       | 1 2 3 4 5 6 7 8 9 |  9.8
Staves         | 1 2 3 4 5 6 7 8 9 |  9.8
Slings         | 1 2 3 4 5 6 7 8 9 |  9.8
Bows           | 1 2 3 4 5 6 7 8 9 |  9.8
Crossbows      | 1 2 3 4 5 6 7 8 9 |  9.8
Throwing       | 1 2 3 4 5 6 7 8 9 |  9.8
Stealth        | 1 2 3 4 5 6 7 8 9 |  9.8
Shields        | 1 2 3 4 5 6 7 8 9 |  9.8
Unarmed Combat | 1 2 3 4 5 6 7 8 9 |  9.8
Spellcasting   | 1 2 3 4 5 6 7 8 9 |  9.8
Evocations     | 1 2 3 4 5 6 7 8 9 |  9.8
Conjurations   | 1 2 3 4 5 6 7 8 |  8.3
Hexes          | 1 2 3 4 5 6 7 8 |  8.3
Charms         | 1 2 3 4 5 6 7 8 |  8.3
Summonings     | 1 2 3 4 5 6 7 8 |  8.3
Necromancy     | 1 2 3 4 5 6 7 8 |  8.3
Translocations | 1 2 3 4 5 6 7 8 |  8.3
Transmutations | 1 2 3 4 5 6 7 8 |  8.3
Fire Magic     | 1 2 3 4 5 6 7 8 |  8.3
Ice Magic      | 1 2 3 4 5 6 7 8 |  8.3
Air Magic      | 1 2 3 4 5 6 7 8 |  8.3
Earth Magic    | 1 2 3 4 5 6 7 8 |  8.3
Poison Magic   | 1 2 3 4 5 6 7 8 |  8.3
Armour         | 5 6 7 8 9 10 | 10.8
Dodging        | 5 6 7 8 9 10 | 10.8
Fighting       | 7 8 9 10 11 | 11.6
Maces & Flails | 7 8 9 10 11 | 11.6

Action                   |  1- 3 |  4- 6 |  7- 9 | 10-12 | 13-15 || total
-------------------------+-------+-------+-------+-------+-------++-------
Melee: Mace              |   127 |   114 |    45 |       |       ||   286
       Bite              |     7 |    11 |    21 |    99 |   136 ||   274
       Dire flail        |       |     7 |   144 |   425 |    26 ||   602
       Shortbow          |       |       |     3 |       |       ||     3
       Rapier            |       |       |       |    82 |    39 ||   121
       Short sword       |       |       |       |    87 |       ||    87
       Spear             |       |       |       |    20 |   596 ||   616
       Great sword       |       |       |       |    12 |    56 ||    68
       Punch             |       |       |       |     1 |     8 ||     9
       Demon trident     |       |       |       |       |   216 ||   216
       Scimitar          |       |       |       |       |    12 ||    12
       Arbalest          |       |       |       |       |     1 ||     1
       Whip              |       |       |       |       |     2 ||     2
 Fire: Hunting sling     |       |     1 |       |       |    11 ||    12
       Shortbow          |       |       |    47 |    55 |       ||   102
       Arbalest          |       |       |       |    36 |    68 ||   104
       Longbow           |       |       |       |       |    39 ||    39
Throw: Stone             |       |     4 |       |       |       ||     4
       Tomahawk          |       |     1 |     4 |    26 |   122 ||   153
       Throwing net      |       |       |       |     1 |       ||     1
       Javelin           |       |       |       |       |    22 ||    22
Invok: Berserk           |     2 |     3 |     2 |     3 |    11 ||    21
       Trog's Hand       |       |     2 |       |       |     4 ||     6
       Brothers in Arms  |       |       |     1 |       |     3 ||     4
Evoke: Wand              |       |       |       |       |    11 ||    11
  Use: Scroll            |       |     4 |    12 |    12 |    24 ||    52
       Potion            |       |       |       |       |     9 ||     9
 Stab: Sleeping          |     5 |     1 |       |     5 |    10 ||    21
       Distracted        |       |     1 |       |     3 |     2 ||     6
  Eat: Chunk             |     5 |     9 |    33 |    27 |    58 ||   132
Armor: Animal skin       |    25 |     2 |       |       |       ||    27
       Ring mail         |       |    18 |    23 |       |       ||    41
       Leather armour    |       |       |    18 |       |       ||    18
       Plate armour      |       |       |    48 |     1 |       ||    49
       Scale mail        |       |       |       |   271 |   276 ||   547
Dodge: Dodged            |    84 |    64 |    93 |   418 |   364 ||  1023
Block: Shield            |       |    26 |     7 |    91 |    47 ||   171
       Large shield      |       |       |       |       |   289 ||   289
       Rpst.: Great sword |       |       |       |     4 |    21 ||    25
